 Dungeon Crawl Stone Soup version 0.30-a0-755-g0b50240ab4 (webtiles) character file.

Game seed: 2174744359890128113

865 Majang the Caller (level 8, 0/45 HPs)
             Began as a Tengu Summoner on Feb 9, 2023.
             Was an Initiate of Hepliaklqana.
             Slain by a river rat (8 damage)
             ... summoned by Eustachio
             ... on level 4 of the Dungeon.
             The game lasted 00:19:17 (2806 turns).

Majang the Caller (Tengu Summoner)                  Turns: 2806, Time: 00:19:17

Health: 0/45       AC:  4    Str:  9      XL:     8   Next: 3%
Magic:  3/17       EV: 15    Int: 17      God:    Hepliaklqana [......]
Gold:   187        SH:  4    Dex: 11 (15) Spells: 8/17 levels left

rFire   . . .      SeeInvis .    c - +0 dagger
rCold   . . .      Faith    .    (no shield)
rNeg    . . .      Spirit   .    a - +0 robe
rPois   .          Reflect  .    (helmet restricted)
rElec   .          Harm     .    (no cloak)
rCorr   .          Rampage  .    (no gloves)
Will    +....                    (boots unavailable)
Stlth   ++                       g - amulet of regeneration
HPRegen 1.07/turn                f - ring of willpower
MPRegen 0.15/turn                (no ring)

@: flying quickly and evasively, quick
A: beak, talons 3, nimble flight, iridescent scales 1, large bone plates 1
a: Renounce Religion


You were on level 4 of the Dungeon.
You worshipped Hepliaklqana.
Hepliaklqana was noncommittal.
You visited 1 branch of the dungeon, and saw 5 of its levels.

You collected 187 gold pieces.

Inventory:

Hand Weapons
 c - a +0 dagger (weapon)
Armour
 a - a +0 robe (worn)
 l - a +1 ring mail of fire resistance
Jewellery
 f - a ring of willpower (left hand)
 g - an amulet of regeneration (around neck)
Scrolls
 e - a scroll of teleportation {unknown}
 h - 2 scrolls of identify {unknown}
Potions
 b - a potion of magic
 i - a potion of lignification {unknown}
 j - a potion of flight {unknown}
 k - a potion of haste {unknown}


   Skills:
 + Level 2.3 Fighting
 + Level 2.6 Short Blades
 + Level 3.6 Dodging
 - Level 2.0 Stealth
 * Level 5.4 Spellcasting
 + Level 1.8 Hexes
 + Level 6.7 Summonings
 + Level 0.4 Invocations


You had 8 spell levels left.
You knew the following spells:

 Your Spells              Type           Power      Damage    Failure   Level
c - Call Canine Familiar  Summ           27%        N/A       2%          3
g - Summon Guardian Gole  Hex/Summ       19%        N/A       7%          3
i - Call Imp              Summ           27%        N/A       1%          2
m - Summon Small Mammal   Summ           100%       N/A       1%          1

Your spell library contained the following spells:

 Spells                   Type           Power      Damage    Failure   Level
 Foxfire                  Conj/Fire      16%        2x1d4     14%         1
 Summon Lightning Spire   Summ/Air       16%        N/A       34%         4
 Fireball                 Conj/Fire      2%         3d4       98%         5
 Starburst                Conj/Fire      2%         6d3       100%        6


Dungeon Overview and Level Annotations

Branches:
Dungeon (5/15)
 Temple: D:4-7

Altars:
Hepliaklqana

Annotations:
D:3 3 runed translucent doors, BRD's ghost, amateur DsGl
D:4 Eustachio
D:5 Blork the orc


Innate Abilities, Weirdness & Mutations

You have a beak for a mouth.
You have claws for feet.
Your magical nature lets you fly swiftly and evasively.
You are partially covered in iridescent scales. (AC +2)
You are partially covered in large bone plates. (SH +4)


Message History

The ufetubus barely misses you. The ufetubus misses you.
Eustachio barely misses your hound. The ufetubus misses you. x2
Casting: Summon Guardian Golem (dangerous; 7% risk of failure)
Confirm with . or Enter, or press ? or * to list all spells.
Your bat barely misses the river rat.
Your hound barely misses the river rat.
The river rat completely misses you. The ufetubus misses you.
The ufetubus barely misses you.
Eustachio hits your hound with a +0 falchion.
Casting: Summon Small Mammal (safe; 1% risk of failure)
Confirm with . or Enter, or press ? or * to list all spells.
Your bat disappears in a puff of smoke!
Your hound closely misses Eustachio.
The ufetubus completely misses you. The ufetubus closely misses you.
The river rat bites you!
Your crimson imp hits the plant.
The plant begins to die.
Your hound bites Eustachio.
Eustachio closely misses your hound.
Your quokka barely misses the ufetubus.
The ufetubus misses you. The ufetubus barely misses you.
You miss the ufetubus. Your kick misses the ufetubus.
The ufetubus is lightly wounded.
Your hound bites Eustachio.
The river rat misses you.
Your crimson imp blinks!
The ufetubus completely misses you. The ufetubus closely misses you.
Your quokka misses the ufetubus.
Eustachio casts a spell.
Eustachio blinks!
Your quokka misses the ufetubus. You miss the ufetubus.
Your kick misses the ufetubus.
The ufetubus is lightly wounded.
The ufetubus hits you. x2
* * * LOW HITPOINT WARNING * * *
The river rat bites you.
* * * LOW HITPOINT WARNING * * *
Your quokka closely misses the ufetubus.
Your quokka misses the ufetubus.
Unknown command.
It was a potion of mutation.
You feel extremely strange.
Large bone plates grow over parts of your arms.
Iridescent scales grow over part of your body.
The ufetubus closely misses you. The ufetubus misses you.
Your quokka barely misses the ufetubus.
The river rat bites you!
You die...

#.####.#.#.##)........#
#.#.##..§..##.........#
#.#....#.#.#..#########
#.#.#@........#
#)#...h...P§..##
#.#...#..P.....#
#.##.5.§_.r....#
#.##.P..§.r5#..#
#......§.9r@..##
##....P...#P..#
##....§..P.P.#
#...........#
#############


You could see Eustachio (distracted, ally target), a river rat (summoned), an
ufetubus (summoned, ally target), a friendly guardian golem (summoned), a
friendly hound (summoned, sheltered), a friendly crimson imp (summoned,
sheltered) and 2 friendly quokkas.

Vanquished Creatures
  An orc wizard (D:2)
  A gnoll (D:4)
  A ball python (D:1)
  A hobgoblin (D:1)
  A rat (D:1)
5 creatures vanquished.

Vanquished Creatures (collateral kills)
  A black bear (D:5)
  A howler monkey (D:4)
  A hound (D:4)
  An orc priest (D:2)
  An orc wizard (D:4)
  A nameless horror (D:3)
  2 gnolls (D:4)
  3 adders
  A shadow imp (D:4)
  3 worms
  A dart slug (D:3)
  3 orcs (D:2)
  2 ball pythons
  2 endoplasms
  2 giant cockroaches
  2 hobgoblins (D:1)
  A kobold (D:2)
  A quokka (D:1)
  3 bats
  A frilled lizard (D:1)
  4 goblins
  3 rats
40 creatures vanquished.

Vanquished Creatures (others)
  A komodo dragon (D:5)
  Edmund (D:5)
  A black bear (D:5)
  A hound (D:5)
  An ufetubus (D:5)
  4 plants (D:4)
9 creatures vanquished.

Grand Total: 54 creatures vanquished

Notes
Turn   | Place    | Note
-------+----------+-------------------------------------------
     0 | D:1      | Majang the Tengu Summoner began the quest for the Orb.
     0 | D:1      | Reached XP level 1. HP: 10/10 MP: 4/4
   529 | D:1      | Reached skill level 5 in Summonings
   529 | D:1      | Reached XP level 2. HP: 15/15 MP: 3/6
   532 | D:1      | Learned a level 2 spell: Call Imp
  1031 | D:2      | Reached XP level 3. HP: 19/19 MP: 8/8
  1035 | D:2      | Learned a level 3 spell: Call Canine Familiar
  1635 | D:2      | Reached XP level 4. HP: 19/24 MP: 1/10
  1904 | D:3      | Found a runed translucent gate.
  1905 | D:3      | Noticed a scorpion
  1906 | D:3      | Found a runed translucent gate.
  1906 | D:3      | Found a runed translucent gate.
  1956 | D:3      | Noticed BRD's ghost (amateur DsGl)
  1969 | D:3      | Noticed a nameless horror
  1976 | D:3      | Killed a nameless horror
  2077 | D:3      | Gained mutation: Your magical nature lets you fly swiftly
                  | and evasively. [Tengu growth]
  2077 | D:3      | Reached XP level 5. HP: 14/28 MP: 8/12
  2194 | D:3      | You are sucked into a shaft and drop 2 floors!
  2194 | D:5      | Entered Level 5 of the Dungeon
  2196 | D:5      | Noticed a black bear
  2204 | D:5      | Learned a level 3 spell: Summon Guardian Golem
  2216 | D:5      | Noticed a black bear
  2216 | D:5      | Noticed Edmund
  2219 | D:5      | Noticed a komodo dragon
  2220 | D:5      | Killed a black bear
  2221 | D:5      | Reached skill level 6 in Summonings
  2222 | D:5      | Reached skill level 1 in Short Blades
  2222 | D:5      | Reached XP level 6. HP: 33/33 MP: 5/13
  2229 | D:5      | Killed Edmund
  2229 | D:5      | Killed a black bear
  2230 | D:5      | Reached skill level 1 in Fighting
  2230 | D:5      | Reached skill level 1 in Hexes
  2230 | D:5      | Reached XP level 7. HP: 38/38 MP: 0/15
  2230 | D:5      | Killed a komodo dragon
  2231 | D:5      | Reached skill level 5 in Spellcasting
  2231 | D:5      | Noticed Blork the orc
  2254 | D:4      | Found a hazy altar of Hepliaklqana.
  2264 | D:4      | Became a worshipper of Hepliaklqana the Forgotten
  2678 | D:4      | Reached XP level 8. HP: 45/45 MP: 9/17
  2736 | D:5      | Noticed Eustachio
  2806 | D:4      | Gained mutation: You are partially covered in large bone
                  | plates. (SH +4) [potion of mutation]
  2806 | D:4      | Gained mutation: You are partially covered in iridescent
                  | scales. (AC +2) [potion of mutation]
  2806 | D:4      | Slain by a river rat

Illustrated notes

Levels and vault maps discovered:
D:1:      wander_arrival_desolate, layout_loops_ring, minmay_pentomino_o4
D:2:      layout_loops_ring
D:3:      layout_rooms, minmay_overflow_temple_star_hex, general_overflow_altar,
          gammafunk_ghost_split, amcnicky_mini_rare_corridor_liquid,
          minmay_quantized
D:4:      layout_basic, nicolae_hepliaklqana_hazy_memory, uniq_pikel
D:5:      lemuel_ice_spiral_2, layout_rooms, minmay_manual_moon,
          uniq_blork_the_orc, uniq_prince_ribbit1, uniq_edmund, uniq_eustachio

Skill      XL: |  1  2  3  4  5  6  7 |
---------------+----------------------+-----
Summonings     | 5 6 |  6.7
Spellcasting   | 3 4 5 |  5.4
Short Blades   | 1 2 |  2.6
Fighting       | 1 2 |  2.3
Dodging        | 3 |  3.6
Hexes          | 1 |  1.8
Stealth        | |  2.0
Invocations    | |  0.4

Action                     |  1- 3 |  4- 6 |  7- 9 || total
---------------------------+-------+-------+-------++-------
  Melee: Dagger            |    14 |    12 |    34 ||    60
         Kick              |     3 |     1 |     4 ||     8
         Peck              |     2 |     2 |     9 ||    13
         Punch             |       |       |     1 ||     1
   Cast: Summon Small Mamm |    20 |     4 |    10 ||    34
         Call Imp          |     6 |     8 |     4 ||    18
         Call Canine Famil |     6 |     7 |     6 ||    19
         Summon Guardian G |       |     2 |     4 ||     6
    Use: Potion            |       |       |     1 ||     1
   Stab: Distracted        |       |     1 |     1 ||     2
 Armour: Robe              |     1 |     1 |    19 ||    21
  Dodge: Dodged            |    14 |     8 |   125 ||   147

Table legend: (Time is in decaauts)
 A = Elapsed time spent in this place.
 B = Non-inter-level travel time spent in this place.
 C = Inter-level travel time spent in this place.
 D = Time resting spent in this place.
 E = Time spent auto-exploring this place.
 F = Levels seen in this place.
 G = Mean time per level.
                   A        B        C        D        E       F      G
               +--------+--------+--------+--------+--------+-----+--------+
         Total |   2768 |   2704 |     64 |    276 |   1807 |   5 |  553.6 |
       Dungeon |   2768 |   2704 |     64 |    276 |   1807 |   5 |  553.6 |
               +--------+--------+--------+--------+--------+-----+--------+

Top non-repeatable levels by time:
     D:2: 1039 daAuts
     D:1: 844 daAuts
     D:4: 525 daAuts
     D:3: 305 daAuts
     D:5: 53 daAuts
